 Dungeon Crawl Stone Soup version 0.29.1-2-gbd0b4ee654 (webtiles) character file.

Game seed: 11115306240531455759

77 MisterFreud the Twirler (level 4, -1/33 HPs)
             Began as a Formicid Gladiator on Oct 23, 2022.
             Succumbed to an orc's poison
             ... on level 3 of the Dungeon.
             The game lasted 00:02:06 (1880 turns).

MisterFreud the Twirler (Formicid Gladiator)        Turns: 1880, Time: 00:02:07

Health: -1/33      AC:  4    Str: 20    XL:     4   Next: 58%
Magic:  4/4        EV: 11    Int:  8    God:
Gold:   142        SH: 10    Dex: 15    Spells: 3/3 levels left

rFire   . . .      SeeInvis +   a - +0 quarterstaff
rCold   . . .      Faith    .   g - +1 kite shield
rNeg    . . .      Spirit   .   b - +0 leather armour
rPois   .          Reflect  .   (helmet unavailable)
rElec   .          Harm     .   (no cloak)
rCorr   .          Rampage  .   l - +0 pair of gloves
Will    .....                   (no boots)
Stlth   +.........              (no amulet)
HPRegen 0.11/turn               (no ring)
MPRegen 0.09/turn               (no ring)

@: lethally poisoned (-1 -> -8)
A: permanent stasis, dig shafts and tunnels, antennae 3, four strong arms
a: Dig, Shaft Self


You were on level 3 of the Dungeon.
You visited 1 branch of the dungeon, and saw 3 of its levels.

You collected 142 gold pieces.

Inventory:

Hand Weapons
 a - a +0 quarterstaff (weapon)
Missiles
 c - 3 throwing nets (quivered)
 d - a javelin
 h - 5 boomerangs
 p - 4 poisoned darts
Armour
 b - a +0 leather armour (worn)
 g - a +1 kite shield (worn)
 l - a +0 pair of gloves (worn)
Wands
 i - a wand of flame (11)
Scrolls
 k - 2 scrolls of magic mapping
 n - a scroll of enchant armour
 o - a scroll of identify
Potions
 f - a potion of degeneration
 j - 2 potions of flight


   Skills:
 - Level 2.1 Fighting
 + Level 4.3 Staves
 - Level 2.0 Throwing
 - Level 2.6 Dodging
 + Level 2.9 Shields


You had 3 spell levels left.
You didn't know any spells.
Your spell library contained the following spells:

 Spells                   Type           Power      Damage    Failure   Level
 Apportation              Tloc           0%         N/A       77%         1
 Necrotise                Necr           0%         1d4       77%         1
 Summon Small Mammal      Summ           0%         N/A       77%         1


Dungeon Overview and Level Annotations

Branches:
Dungeon (3/15)

Altars:
Qazlal

Annotations:
D:3 2 runed translucent doors, Frank's ghost, weakling DgFi


Innate Abilities, Weirdness & Mutations

You cannot be hasted, slowed, berserked, paralysed or teleported.
You can dig through walls and to a lower floor.
You have a pair of large antennae on your head. (SInv)
Your four strong arms can wield two-handed weapons with a shield.


Message History

You see here a +0 short sword.
An orc is nearby!
You hit the orc but do no damage. You block the orc's attack.
There are monsters nearby!
You closely miss the orc. You block the orc's attack.
An endoplasm comes into view.
The orc hits you with a +0 hand axe.
There are monsters nearby!
You barely miss the orc.
The orc hits you with a +1 whip of venom.
You are poisoned.
You block the orc's attack. The orc hits you with a +0 hand axe!
The orc hits you with a +1 whip of venom.
You are lethally poisoned!
There is a lethal amount of poison in your body!
You sock the orc!
You kill the orc!
You feel very sick.
The orc hits you with a +1 whip of venom.
* * * LOW HITPOINT WARNING * * *
There is a lethal amount of poison in your body!
You are too injured to fight recklessly!
There is a lethal amount of poison in your body!
Okay, then.
Unknown command.
Okay, then.
Unknown command.
It was a potion of berserk rage.
Your stasis prevents you from going berserk.
* * * LOW HITPOINT WARNING * * *
You feel sick. You block the orc's attack.
You sock the orc!
You kill the orc!
* * * LOW HITPOINT WARNING * * *
You feel very sick.
Okay, then.
Unknown command.
As you read the scroll labelled JEDUDD XIYHI, it crumbles to dust.
You hear the tinkle of a tiny bell.
It was a scroll of butterflies.
You die...

.. ... ######
....
#....###..(.
#............ #
#.b.bbb.....!
..##..b)bb.....#
#....$b@#......#
####.b)b#.{....#
#.b.b#......#
#...........#
#####.......#
###...###....
..>##...### ...
#......#
####.#.#


There were no monsters in sight!

Vanquished Creatures
  3 adders (D:2)
  A dart slug (D:2)
  3 orcs (D:3)
  6 bats
  2 endoplasms (D:1)
  3 giant cockroaches
  7 goblins
  3 hobgoblins
  3 ball pythons
  2 frilled lizards
  4 kobolds
  9 rats
46 creatures vanquished.

Notes
Turn   | Place    | Note
-------+----------+-------------------------------------------
     0 | D:1      | MisterFreud the Formicid Gladiator began the quest for the
                  | Orb.
     0 | D:1      | Reached XP level 1. HP: 16/16 MP: 1/1
     1 | D:1      | Noticed an electric eel
    50 | D:1      | Reached XP level 2. HP: 21/22 MP: 2/2
   439 | D:1      | Reached skill level 1 in Shields
   488 | D:1      | Reached XP level 3. HP: 27/27 MP: 3/3
   859 | D:2      | Reached skill level 4 in Staves
  1283 | D:2      | Reached XP level 4. HP: 30/33 MP: 4/4
  1529 | D:2      | Identified the +1 robe "Ystroyx" {rC+}
  1641 | D:2      | Found a faded altar of an unknown god.
  1787 | D:3      | Found a stormy altar of Qazlal.
  1833 | D:3      | Found a large runed translucent door.
  1833 | D:3      | Found a large runed translucent door.
  1834 | D:3      | Noticed Frank's ghost (weakling DgFi)
  1879 | D:3      | HP: 1/33 [poisoned by an orc]
  1880 | D:3      | Succumbed to an orc's poison

Illustrated notes

Levels and vault maps discovered:
D:1:      arrival_aquarium_a, layout_rooms, grunt_decor_junction
D:2:      layout_loops_ring, shapermc_ecumenical_altar_hornbeckon
D:3:      layout_rooms, lemuel_round_altar, ebering_ghost_disaster_area,
          kennysheep_minor_cross, saegor_snake_ambush, uniq_jessica

Skill      XL: |  1  2  3 |
---------------+----------+-----
Shields        | 1 2 |  2.9
Staves         | 4 |  4.3
Fighting       | |  2.1
Throwing       | |  2.0
Dodging        | |  2.6

Action                   |  1- 3 |  4- 6 || total
-------------------------+-------+-------++-------
Melee: Quarterstaff      |    91 |    29 ||   120
       Punch             |     1 |       ||     1
  Use: Scroll            |     8 |     2 ||    10
       Potion            |     2 |     1 ||     3
 Stab: Sleeping          |     2 |     2 ||     4
Armor: Leather armour    |    22 |     7 ||    29
Dodge: Dodged            |    54 |     8 ||    62
Block: Kite shield       |    22 |    11 ||    33
